[Event "56th Rubinstein Memorial D 2020"]
[Site "Polanica Zdroj"]
[Date "2020.08.19"]
[Round "5.1"]
[White "Simon, Marek"]
[Black "Gromczak, Dariusz"]
[Result "1/2-1/2"]
[ECO "A40"]
[WhiteElo "1878"]
[BlackElo "1785"]
[Annotator "NA RC"]
[PlyCount "28"]
[EventDate "2020.08.15"]
[EventType "swiss"]
[EventCountry "POL"]
[SourceTitle "playchess.com"]
[Source "ChessBase"]
[SourceQuality "1"]
[TimeControl "40/5400+30:1800+30"]

1. d4 g6 2. c4 Bg7 3. e4 d6 4. Nc3 e6 5. Be3 Ne7 6. h4 h6 7. Qd2 Nd7 8. Nge2 d5 9. exd5 ({White should play} 9. Ng3 $14) 9... exd5 10. h5 g5 11. Ng3 dxc4 12. Bxc4 Nb6 13. Bd3 f5 14. f4 g4 $11 1/2-1/2

[Event "56th Rubinstein Memorial D 2020"]
[Site "Polanica Zdroj"]
[Date "2020.08.19"]
[Round "5.6"]
[White "Szczygiel, Jakub"]
[Black "Pyka, Roman"]
[Result "1/2-1/2"]
[ECO "A52"]
[WhiteElo "1802"]
[BlackElo "1873"]
[Annotator "NA RC"]
[PlyCount "24"]
[EventDate "2020.08.15"]
[EventType "swiss"]
[EventCountry "POL"]
[SourceTitle "playchess.com"]
[Source "ChessBase"]
[SourceQuality "1"]
[TimeControl "40/5400+30:1800+30"]

1. d4 Nf6 2. c4 e5 3. dxe5 Ng4 4. Nf3 Nc6 5. e3 Bb4+ 6. Nbd2 Ngxe5 7. Be2 O-O 8. a3 Be7 9. Nxe5 Nxe5 10. Nf3 d6 11. Qc2 Bf6 12. Bd2 Nxf3+ $14 1/2-1/2

[Event "56th Rubinstein Memorial D 2020"]
[Site "Polanica Zdroj"]
[Date "2020.08.19"]
[Round "5.7"]
[White "Janicki, Rafal"]
[Black "Kalkowski, Igor"]
[Result "0-1"]
[ECO "B22"]
[WhiteElo "1851"]
[BlackElo "1747"]
[Annotator "NA RC"]
[PlyCount "72"]
[EventDate "2020.08.15"]
[EventType "swiss"]
[EventCountry "POL"]
[SourceTitle "playchess.com"]
[Source "ChessBase"]
[SourceQuality "1"]
[TimeControl "40/5400+30:1800+30"]

1. e4 c5 2. c3 g6 3. d4 cxd4 4. cxd4 d5 5. e5 Bg7 6. Nf3 Nc6 7. Bb5 Bg4 8. Nbd2 (8. Bxc6+ $5 bxc6 9. Nbd2 $14) 8... Nh6 9. O-O (9. Bxc6+ $5 bxc6 10. h3 $14) 9... O-O {[%emt 0:00:23] B27: Sicilian: 2 Nf3, unusual Black 2nd moves.} 10. h3 Nxd4 11. hxg4 Nxb5 {[%emt 0:00:09] [#]} 12. g5 $146 ({Predecessor:} 12. Qa4 Qd7 13. g5 Ng4 14. e6 Qxe6 15. Qxb5 Qd6 16. Qa4 f5 17. gxf6 Nxf6 18. b3 {1-0 (57) Sideris,T (1970)-Nemtsas,H (1917) Athens 2018}) 12... Nf5 13. Qa4 (13. a4 $1 $11 {keeps the balance.} Nbd4 14. g4) 13... Qd7 14. g4 $2 {[%emt 0:02:30] [#]} (14. Rd1 $17) 14... Nfd4 $1 15. Nh2 Bxe5 16. f4 Bd6 17. Ndf3 Nxf3+ 18. Rxf3 e5 19. fxe5 Bxe5 20. Bf4 Bg7 21. Rd1 a6 22. Rfd3 d4 ({Less strong is} 22... Bxb2 23. Qb4 $19) 23. Qb3 Qe6 24. a4 {[%emt 0:03:23] [#]} Nc3 $1 25. Qxe6 fxe6 26. bxc3 Rxf4 27. cxd4 Rd8 28. Re1 (28. Nf3 {keeps fighting.}) 28... Rdxd4 29. Rb3 Rb4 30. Rxb4 Rxb4 31. Rxe6 Rxa4 32. Re8+ Bf8 ({Resist} 32... Kf7 33. Rc8 $19) 33. Rb8 b5 34. Kg2 Kf7 35. Nf3 Rxg4+ 36. Kh3 $2 {[%emt 0:00:10] [#]} (36. Kf1 Re4 37. Ra8) 36... Rg3+ $19 {[%emt 0:00:19] Decoy} 0-1

[Event "56th Rubinstein Memorial D 2020"]
[Site "Polanica Zdroj"]
[Date "2020.08.19"]
[Round "5.8"]
[White "Ursnik, Patryk"]
[Black "Szmidt, Przemyslaw"]
[Result "1/2-1/2"]
[ECO "B22"]
[WhiteElo "1601"]
[BlackElo "1831"]
[Annotator "NA RC"]
[PlyCount "65"]
[EventDate "2020.08.15"]
[EventType "swiss"]
[EventCountry "POL"]
[SourceTitle "playchess.com"]
[Source "ChessBase"]
[SourceQuality "1"]
[TimeControl "40/5400+30:1800+30"]

1. e4 c5 2. c3 Qa5 3. Nf3 Nc6 4. d4 cxd4 5. Nxd4 Nf6 6. Nxc6 {[%emt 0:04:34] B22: Sicilian: 2 c3.} bxc6 7. Bd3 g6 8. O-O Bg7 9. Nd2 O-O 10. Nc4 Qc7 {[%emt 0:00:49] [#]} 11. Ne3 $146 ({White should try} 11. e5 $11 Nd5 12. Re1) ({Predecessor:} 11. f3 d5 12. Nd2 a5 13. Re1 Rd8 14. Qe2 e6 15. Nb3 c5 16. exd5 exd5 17. Bb5 {0-1 (37) Talmaci,A (1998)-Horvath,T (2398) Varna 2012}) 11... d5 12. exd5 cxd5 13. Be2 Bb7 14. Bf3 Rad8 15. Qb3 Ba8 16. Nc2 h6 17. Be3 e5 18. Rad1 ({White should play} 18. Rac1 $15) 18... d4 (18... Rb8 $17 19. Qa3 {[#]} d4 $1 20. Bxa8 dxe3) 19. Bxa8 (19. cxd4 $15 Bxf3 20. gxf3) 19... dxe3 20. Bf3 e4 21. Be2 exf2+ 22. Rxf2 {[%emt 0:00:46] [#]} Qc5 $2 (22... Rxd1+ $1 $19 23. Bxd1 Rb8) 23. Rxd8 Rxd8 24. Nd4 Qg5 25. Nc6 ({White should play} 25. g3 $15) 25... Qc1+ (25... Rd7 $17 26. Nd4 Ng4 27. Bxg4 Qxg4) 26. Bf1 e3 $2 (26... Re8 $15 27. Nd4 Rf8) 27. Rc2 Qd1 28. Nxd8 Qxd8 29. c4 $2 (29. Qc4 $16) 29... Ng4 30. Be2 Nxh2 $1 ({Not} 30... Qh4 $2 31. Qb8+ {[%mdl 64] Double Attack} Kh7 32. Qg3 $18) 31. Qd3 $2 (31. Kxh2 {is a self mate.} Qh4+ 32. Kg1 Qf2+ 33. Kh1 Be5 34. Qxe3 Qh4+ 35. Kg1 Qe1+ 36. Bf1 Qxe3+ 37. Kh1 Qg3 38. Kg1 Bd4+ 39. Rf2 Qxf2+ {[%mdl 64] Double Attack} 40. Kh2 Qh4#) (31. Qb5 $11 {and White stays safe.} Bd4 32. Kxh2 Qh4+ 33. Kg1 Qe1+ 34. Kh2 Qh4+ 35. Kg1 Qe1+ 36. Kh2 Qh4+) 31... Qh4 32. Qd6 {[%emt 0:04:34] [#]} Qf2+ $11 (32... Nf1 $1 $19 33. Bxf1 e2 34. Bxe2 (34. Qb8+ {is a self mate.} Kh7 35. Rd2 e1=Q 36. g3 Bd4+ 37. Rxd4 Qxd4+ 38. Kh2 Qxf1 39. Qg8+ Kxg8 40. b4 Qdg1#) 34... Bd4+ 35. Qxd4 Qxd4+ 36. Kf1 Qe4) 33. Kxh2 1/2-1/2

[Event "56th Rubinstein Memorial D 2020"]
[Site "Polanica Zdroj"]
[Date "2020.08.19"]
[Round "5.9"]
[White "Wawrzyniak, Pawel"]
[Black "Brzozowski, Pawel"]
[Result "1-0"]
[ECO "D55"]
[WhiteElo "1824"]
[BlackElo "1620"]
[Annotator "NA RC"]
[PlyCount "113"]
[EventDate "2020.08.15"]
[EventType "swiss"]
[EventCountry "POL"]
[SourceTitle "playchess.com"]
[Source "ChessBase"]
[SourceQuality "1"]
[TimeControl "40/5400+30:1800+30"]

1. d4 d5 2. c4 e6 3. Nc3 Nf6 4. Bg5 Be7 5. e3 O-O 6. Nf3 b6 7. cxd5 Nxd5 8. Bxe7 Qxe7 9. Nxd5 exd5 10. Bd3 Bb7 11. O-O c5 12. Rc1 Nd7 13. dxc5 {[%emt 0:15:02] E12: Queen's Indian: Unusual White 4th moves, 4 a3, 4 Nc3 Bb7 5 a3 and 4 Nc3 Bb7 .} (13. Rxc5 $2 ) (13. Qc2 $11 {and White has nothing to worry.}) 13... bxc5 14. Qe2 {[%emt 0:02:19] [#]} c4 $146 ({Predecessor:} 14... Qd6 15. Rfd1 f5 16. Qc2 g6 17. Bb5 Rfc8 18. Qa4 Ne5 19. Nxe5 Qxe5 20. Rc2 c4 {0-1 (50) Mishina,O (2204)-Krasilnikova,N Cherepovets 2001}) 15. Bb1 Rfc8 16. Rfd1 a5 17. b3 cxb3 18. axb3 Qa3 (18... Nc5 $11) 19. Rxc8+ Rxc8 20. Bf5 Rd8 ({Black should try} 20... Rc7) 21. Bxd7 Rxd7 22. Nd4 Rc7 23. Qb5 Kf8 24. h3 Qc5 25. Qxc5+ Rxc5 26. Kf1 Ke7 27. Ke1 Bc8 28. Ra1 Kd6 29. Kd2 Kc7 30. h4 h5 31. b4 axb4 32. Rb1 Rc4 33. Rb3 Kb6 34. Nc2 $2 (34. Rb1 $11) 34... Ka5 ({Resist} 34... Rxh4 35. Nxb4 Be6 36. Nd3+ Kc6 37. Rc3+ Kd6 38. Ra3 $17) 35. Nd4 Bd7 (35... Ka4 $19 36. Rb1 Rc3) 36. Kd3 (36. f3 $17) 36... Bb5 37. Kd2 Rc7 38. Rb1 Rc3 39. Nc2 {[%emt 0:00:55] [#]} Bd3 $2 (39... Rc4 $1 $17 {and life is bright.} 40. Nd4 Ba4) 40. Nxb4 {[%emt 0:00:47] Double Attack} Bxb1 41. Kxc3 Kb5 42. Nxd5 Kc5 43. Nf4 g6 44. g3 Be4 45. Nd3+ Kd5 46. Nb4+ (46. Kd2 $16) 46... Ke5 47. Kc4 Kf5 48. Kd4 Bb7 49. Nd3 f6 50. Nc5 Bc6 51. e4+ Kg4 52. Ke3 g5 53. hxg5 Kxg5 (53... fxg5 $11 {remains equal.} 54. Nd3 Be8) 54. Ne6+ Kg4 55. Nd4 Bd7 {[%emt 0:00:14] [#]} 56. Nf3 $1 f5 $2 (56... Be8 $18 57. Nh4 Bd7) 57. Ne5+ {[%emt 0:00:27] Double Attack} 1-0

[Event "56th Rubinstein Memorial D 2020"]
[Site "Polanica Zdroj"]
[Date "2020.08.19"]
[Round "5.10"]
[White "Grzelak, Piotr"]
[Black "Lewandrowski, Tomasz"]
[Result "1-0"]
[ECO "B20"]
[WhiteElo "1664"]
[BlackElo "1879"]
[Annotator "NA RC"]
[PlyCount "145"]
[EventDate "2020.08.15"]
[EventType "swiss"]
[EventCountry "POL"]
[SourceTitle "playchess.com"]
[Source "ChessBase"]
[SourceQuality "1"]
[TimeControl "40/5400+30:1800+30"]

1. e4 c5 2. c4 d6 3. Ne2 Nf6 4. Nbc3 e5 5. d3 Nc6 6. Bg5 {[%emt 0:03:07] A34: Symmetrical English: 2 Nc3, lines with ...d5.} Be7 7. Qd2 {[%emt 0:01:47] [#]} Nd4 $146 ({Predecessor:} 7... Bd7 8. g3 h6 9. Bxf6 Bxf6 10. Nd5 Bg5 11. f4 exf4 12. h4 Ne5 13. Ng1 Bf6 14. Nxf6+ Qxf6 15. Qxf4 {½-½ (60) Doucha,L (2099)-Blaho,S (2094) Slovakia 2011}) 8. f4 exf4 9. Nxd4 cxd4 10. Bxf6 Bxf6 11. Nd5 g5 12. Be2 Be6 13. O-O-O Be5 14. Kb1 Bxd5 15. cxd5 Rc8 16. h4 h6 17. Bg4 Rc5 18. Qb4 (18. hxg5 $11 {keeps the balance.} hxg5 19. Qb4) 18... Qc7 19. Rc1 (19. Bf5 $11) 19... h5 20. Bf5 g4 21. Rxc5 dxc5 22. Qb5+ Ke7 23. Rc1 b6 24. b4 Kd6 $2 (24... Rb8 $17 25. Qc4 a5) 25. bxc5+ (25. Qa6 $1 $11 Ke7 26. Qa3) 25... bxc5 26. Rxc5 Rb8 27. Rc6+ Ke7 28. Rxc7+ Bxc7 29. Qxb8 Bxb8 30. Kc2 Be5 31. Kb3 Bf6 $2 (31... f3 $19 32. gxf3 gxf3) 32. Kc4 $2 (32. Kc2 $17 {was the crucial defense.}) 32... Kd6 33. Kb5 g3 $2 (33... Bxh4 $19 34. Bc8 f3 35. gxf3 gxf3) 34. Bh3 $2 ({White has to play} 34. e5+ $1 $15 Kxe5 35. Be4) 34... Bd8 ({Not} 34... Bxh4 35. a4 $17) 35. Ka6 $2 (35. a4 {only move.} Ke5 36. Kc6) 35... Bb6 ({Weaker is} 35... Bxh4 36. Kxa7 Bd8 37. a4 $11) 36. Kb5 {[%emt 0:00:32] [#]} f6 (36... Ke5 $1 $19 37. Kc6 Bd8) 37. a4 Bc5 (37... Ke5 $17) 38. Kc4 $2 {[%emt 0:00:40] [#]} (38. a5 $1 $11 {and White is okay.}) 38... a6 $1 39. Kb3 {[%emt 0:00:50] [#]} Bb6 $2 (39... Ke5 $1 $19 {has better winning chances.} 40. Kc2 {[#]} f3 $1 ) 40. Kc2 {[%emt 0:00:23] [#]} Kc5 (40... f5 $1 $17 41. exf5 Bd8) 41. Kd2 f3 (41... f5 $5) 42. gxf3 Bc7 43. Ke2 Kb4 44. Bc8 a5 45. Bd7 Kc3 46. Bb5 Bf4 47. Kf1 Kd2 48. Kg2 Ke3 49. Ba6 Bd6 50. Bb5 Kf4 51. Be8 Ke3 52. Bb5 Bf4 53. Bc4 Bc7 54. Bb5 Kf4 55. Bd7 Bd6 56. Be8 Ke3 57. Bb5 Ke2 58. Bc4 Kd2 59. Bb5 Ke3 60. Bc4 Kf4 61. Bb5 Be7 62. Be8 f5 63. exf5 Bxh4 64. Bxh5 Ke3 65. Bg6 Bf6 66. Kxg3 Kxd3 67. Kf4 Kc3 68. Ke4 d3 69. f4 d2 70. Bh5 Kc2 $18 (70... Kb4 $14) 71. d6 Kb3 72. Kd5 Kxa4 73. Ke6 1-0

[Event "56th Rubinstein Memorial D 2020"]
[Site "Polanica Zdroj"]
[Date "2020.08.19"]
[Round "5.11"]
[White "Borowski, Przemyslaw"]
[Black "Jurkiewicz, Joanna"]
[Result "1-0"]
[ECO "B00"]
[WhiteElo "1790"]
[BlackElo "1691"]
[Annotator "NA RC"]
[PlyCount "67"]
[EventDate "2020.08.15"]
[EventType "swiss"]
[EventCountry "POL"]
[SourceTitle "playchess.com"]
[Source "ChessBase"]
[SourceQuality "1"]
[TimeControl "40/5400+30:1800+30"]

1. e4 b6 2. d4 Bb7 3. f3 e6 4. Bd3 c5 5. Ne2 d5 6. c3 Nf6 7. e5 Nfd7 8. O-O Nc6 9. f4 c4 10. Bc2 f5 11. exf6 Qxf6 12. Nd2 O-O-O 13. Nf3 Bd6 14. f5 h6 15. fxe6 Qxe6 16. Nf4 Bxf4 17. Bxf4 g5 18. Bg3 Rhf8 19. Qd2 Rf6 20. Rae1 Qf7 21. Ne5 Ncxe5 22. dxe5 Rxf1+ 23. Rxf1 Qe7 24. Qe2 Bc6 25. e6 Kb7 26. Rf7 Qe8 27. Bg6 Qg8 28. Bh5 Re8 29. Qg4 Ka6 30. exd7 Re4 31. Qf5 d4 32. Bf3 d3 33. Bxe4 d2 34. Bc2 1-0

[Event "56th Rubinstein Memorial D 2020"]
[Site "Polanica Zdroj"]
[Date "2020.08.19"]
[Round "5.12"]
[White "Ciechonski, Piotr"]
[Black "Ratajczak, Hubert"]
[Result "1-0"]
[ECO "B23"]
[WhiteElo "1774"]
[BlackElo "1513"]
[Annotator "NA RC"]
[PlyCount "120"]
[EventDate "2020.08.15"]
[EventType "swiss"]
[EventCountry "POL"]
[SourceTitle "playchess.com"]
[Source "ChessBase"]
[SourceQuality "1"]
[TimeControl "40/5400+30:1800+30"]

1. e4 c5 2. Nc3 Nc6 3. f4 g6 4. Nf3 Bg7 5. Bc4 e6 6. d3 Nge7 7. f5 gxf5 8. Bg5 Qb6 9. Rb1 h6 10. Be3 Nd4 11. O-O d6 12. a3 Bd7 13. b4 Nxf3+ 14. Qxf3 Bxc3 15. bxc5 Qc6 16. cxd6 Qxd6 17. Rxb7 Bc6 18. Bb5 Bxb5 19. Rxb5 Qc6 20. Rc5 Qd7 21. Rxc3 Rb8 22. Qf2 a6 23. Bc5 Rf8 24. exf5 Nxf5 25. Bxf8 Kxf8 26. Rc4 Rb5 27. g4 Nd6 28. Rf4 Rg5 29. Qd4 Rg7 30. c4 Qc7 31. Qe5 Nb5 32. Qxc7 Nxc7 33. Kf2 Ke7 34. h3 h5 35. gxh5 f5 36. Rg1 Rh7 37. Rh4 e5 38. h6 Ne6 39. Rb1 Kf6 40. Rb6 Kg5 41. Rxe6 Kxh4 42. Rxe5 Rxh6 43. Rxf5 Rd6 44. Rd5 Rf6+ 45. Ke3 Kxh3 46. c5 Kg4 47. Rd6 Rf8 48. Rxa6 Kf5 49. Kd4 Rd8+ 50. Kc4 Rb8 51. a4 Rb1 52. Kd5 Rb3 53. d4 Rb4 54. Ra8 Kf6 55. a5 Ke7 56. Ra7+ Kd8 57. a6 Kc8 58. Kc6 Kb8 59. Rb7+ Ka8 60. Rxb4 Ka7 1-0

[Event "56th Rubinstein Memorial D 2020"]
[Site "Polanica Zdroj"]
[Date "2020.08.19"]
[Round "5.13"]
[White "Szydelko, Kazimierz"]
[Black "Ochenduszko, Bartosz"]
[Result "1-0"]
[ECO "D43"]
[WhiteElo "1713"]
[BlackElo "1531"]
[Annotator "NA RC"]
[PlyCount "55"]
[EventDate "2020.08.15"]
[EventType "swiss"]
[EventCountry "POL"]
[SourceTitle "playchess.com"]
[Source "ChessBase"]
[SourceQuality "1"]
[TimeControl "40/5400+30:1800+30"]

1. d4 d5 2. c4 c6 3. Nf3 Nf6 4. Nc3 e6 5. Bg5 Be7 6. e3 Nbd7 7. Qc2 O-O 8. cxd5 exd5 9. Bd3 Re8 10. O-O Nf8 11. Rab1 Bg4 12. Ne5 Bh5 13. b4 Ng4 14. Bf4 Nxe5 15. Bxe5 Bd6 16. Bxd6 Qxd6 17. b5 Re6 18. bxc6 bxc6 19. Ne2 Rae8 20. Ng3 Bg6 21. Rb7 Qa3 22. Bxg6 Nxg6 23. Rfb1 h6 24. R1b3 Qa6 25. Nf5 Nf8 26. Qb2 Ng6 27. Ra3 Qc4 28. Rb4 1-0

[Event "56th Rubinstein Memorial D 2020"]
[Site "Polanica Zdroj"]
[Date "2020.08.19"]
[Round "5.14"]
[White "Kaczanowski, Pawel"]
[Black "Szuber, Dawid"]
[Result "1-0"]
[ECO "B32"]
[WhiteElo "1655"]
[BlackElo "1523"]
[Annotator "NA RC"]
[PlyCount "71"]
[EventDate "2020.08.15"]
[EventType "swiss"]
[EventCountry "POL"]
[SourceTitle "playchess.com"]
[Source "ChessBase"]
[SourceQuality "1"]
[TimeControl "40/5400+30:1800+30"]

1. e4 c5 2. Nf3 Nc6 3. d4 cxd4 4. Nxd4 d5 5. Bb5 dxe4 6. O-O Bd7 7. Nc3 Nf6 8. Bxc6 bxc6 9. Qe2 e6 10. Bg5 Be7 11. Nxe4 Nxe4 12. Bxe7 Qxe7 13. Qxe4 Rc8 14. Rfd1 O-O 15. Nf5 Qd8 16. Nxg7 Kxg7 17. Qd4+ Qf6 18. Qxf6+ Kxf6 19. Rxd7 a6 20. Kf1 Rfe8 21. Rad1 Re7 22. R1d3 Rxd7 23. Rxd7 Rb8 24. b3 Rb5 25. Ra7 Ra5 26. a4 e5 27. Ke2 Ke6 28. c4 h5 29. h4 Kf6 30. f3 Ke6 31. Kd3 f5 32. Kc3 e4 33. f4 Kd6 34. Rh7 e3 35. Rh6+ Kd7 36. Kd3 1-0

[Event "56th Rubinstein Memorial D 2020"]
[Site "Polanica Zdroj"]
[Date "2020.08.19"]
[Round "5.16"]
[White "Bukala, Weronika"]
[Black "Zarzecki, Dymitr Stanislaw"]
[Result "1-0"]
[ECO "A40"]
[WhiteElo "1504"]
[BlackElo "1596"]
[Annotator "NA RC"]
[PlyCount "119"]
[EventDate "2020.08.15"]
[EventType "swiss"]
[EventCountry "POL"]
[SourceTitle "playchess.com"]
[Source "ChessBase"]
[SourceQuality "1"]
[TimeControl "40/5400+30:1800+30"]

1. d4 g6 2. c4 Bg7 3. Nc3 Nf6 4. Bg5 d6 5. e3 O-O 6. Bd3 Nbd7 7. h4 h5 8. Qc2 c5 9. O-O-O cxd4 10. exd4 b5 11. Nxb5 Ba6 12. Qa4 Bxb5 13. cxb5 Nb6 14. Qb3 d5 15. Kb1 a6 16. bxa6 Nc4 17. Bxf6 Bxf6 18. Bxc4 dxc4 19. Qxc4 Qb6 20. Nf3 Rfc8 21. Qd3 Rxa6 22. Rd2 Rca8 23. b3 Qb4 24. Rc1 Rd6 25. Rc4 Qb6 26. Qc3 Kg7 27. Qe3 Re6 28. Qd3 Rd6 29. Qe4 Rad8 30. Ne5 Rd5 31. Nc6 R8d7 32. g4 e5 33. g5 Bd8 34. Nxe5 R7d6 35. Rc6 Qa5 36. Rxd6 Rxd6 37. Nc4 Qb4 38. Qe5+ Rf6 39. gxf6+ Bxf6 40. Qa5 Qe7 41. Qc3 Bxh4 42. d5+ Bf6 43. Qe3 Qd8 44. d6 Bg5 45. f4 Bf6 46. d7 Qa8 47. Ne5 Qh1+ 48. Kb2 Qa8 49. Qd4 Qd8 50. Qd5 Kh6 51. Kb1 h4 52. Nxf7+ Kg7 53. Nxd8 Bxd8 54. Qe5+ Kh7 55. Rd6 h3 56. Qe6 h2 57. Qxg6+ Kh8 58. Qh6+ Kg8 59. Rg6+ Kf7 60. Qg7# 1-0

[Event "56th Rubinstein Memorial D 2020"]
[Site "Polanica Zdroj"]
[Date "2020.08.19"]
[Round "5.17"]
[White "Bialik, Nikodem"]
[Black "Garwacki, Kornel"]
[Result "1-0"]
[ECO "C44"]
[WhiteElo "1552"]
[BlackElo "1492"]
[Annotator "NA RC"]
[PlyCount "99"]
[EventDate "2020.08.15"]
[EventType "swiss"]
[EventCountry "POL"]
[SourceTitle "playchess.com"]
[Source "ChessBase"]
[SourceQuality "1"]
[TimeControl "40/5400+30:1800+30"]

1. e4 e5 2. Nf3 Nc6 3. d4 exd4 4. Nxd4 Nf6 5. Nc3 Bb4 6. Nxc6 bxc6 7. Bd3 d5 8. Bd2 O-O 9. O-O Bxc3 10. Bxc3 Nxe4 11. Bxe4 dxe4 12. Re1 f5 13. Qe2 Bb7 14. Rad1 Qe8 15. Qc4+ Kh8 16. Re3 Rd8 17. Rxd8 Qxd8 18. h3 Qd1+ 19. Kh2 Qd5 20. Qd4 Qxd4 21. Bxd4 h6 22. Rg3 Rf7 23. Rb3 Ba6 24. Ra3 Bc4 25. Rxa7 Kh7 26. b3 Be2 27. c3 g5 28. Ra5 Kg6 29. Re5 Kh5 30. Re6 Bd3 31. Rxc6 g4 32. b4 gxh3 33. Kxh3 f4 34. Rc5+ Kg6 35. a4 Bf1 36. Kh2 Rf5 37. Rc6+ Kh5 38. Bg7 Kg4 39. Kg1 Bd3 40. Bxh6 f3 41. Rxc7 fxg2 42. Kxg2 Be2 43. Rg7+ Kh5 44. Be3 Rd5 45. Re7 Bf3+ 46. Kg3 Rf5 47. Re6 Rg5+ 48. Bxg5 Kxg5 49. Re5+ Kf6 50. Kf4 1-0

[Event "56th Rubinstein Memorial D 2020"]
[Site "Polanica Zdroj"]
[Date "2020.08.19"]
[Round "5.18"]
[White "Wolska, Marta"]
[Black "Jurkowska, Magdalena"]
[Result "1-0"]
[ECO "D53"]
[WhiteElo "1551"]
[BlackElo "1465"]
[Annotator "NA RC"]
[PlyCount "185"]
[EventDate "2020.08.15"]
[EventType "swiss"]
[EventCountry "POL"]
[SourceTitle "playchess.com"]
[Source "ChessBase"]
[SourceQuality "1"]
[TimeControl "40/5400+30:1800+30"]

1. d4 d5 2. c4 e6 3. Nc3 Nf6 4. Bg5 Be7 5. cxd5 exd5 6. e3 O-O 7. Bd3 b6 8. Bxf6 Bxf6 9. Qh5 g6 10. Qxd5 c6 11. Qxd8 Rxd8 12. Nge2 Bb7 13. Be4 Na6 14. O-O Rab8 15. Rfd1 Bg7 16. a3 Nc7 17. Bf3 Ne6 18. g3 Rd7 19. Rac1 Rbd8 20. Nf4 Nxf4 21. gxf4 f5 22. Na2 c5 23. Bxb7 Rxb7 24. dxc5 Rxd1+ 25. Rxd1 bxc5 26. b4 cxb4 27. axb4 Bf8 28. Rd4 Rb5 29. Kf1 a5 30. bxa5 Rxa5 31. Nc3 Ra1+ 32. Rd1 Ra3 33. Nb5 Ra6 34. Rd7 Ra1+ 35. Kg2 Ra2 36. Nc3 Ra6 37. Nd5 Re6 38. f3 Bc5 39. Kf2 h6 40. Ke2 g5 41. Rc7 Bd6 42. Rc6 Kf7 43. Nc7 Rf6 44. Nb5 Be7 45. Rxf6+ Kxf6 46. fxg5+ Kxg5 47. Kf2 Bc5 48. Nd4 Kf6 49. f4 Bb6 50. Kf3 Bc5 51. Nb3 Bb6 52. e4 fxe4+ 53. Kxe4 Bg1 54. h3 Ke6 55. f5+ Kf6 56. Nd2 Bf2 57. Kf4 Bd4 58. Ne4+ Kf7 59. Nd2 Kf6 60. Nf3 Bf2 61. Nh2 h5 62. Nf3 Bb6 63. Nd2 Bd4 64. Ne4+ Kf7 65. Kg5 Be3+ 66. Kxh5 Bc1 67. Kg4 Be3 68. h4 Bc1 69. Kf3 Ba3 70. Nf2 Bc1 71. Kg4 Be3 72. Nh3 Bc1 73. Nf4 Kf6 74. h5 Kf7 75. Kg5 Bd2 76. Kg4 Bc1 77. Nd5 Bd2 78. Kf3 Bc1 79. Ke4 Bg5 80. Nc7 Bc1 81. Ne6 Kf6 82. Nf4 Kf7 83. Nd3 Bd2 84. Nf4 Bc1 85. Nd5 Bd2 86. Ke5 Bc1 87. f6 Bb2+ 88. Kf5 Bc1 89. Nc3 Kf8 90. Kg6 Kg8 91. Ne4 Kh8 92. h6 Bb2 93. Ng5 1-0

[Event "56th Rubinstein Memorial D 2020"]
[Site "Polanica Zdroj"]
[Date "2020.08.19"]
[Round "5.19"]
[White "Ciborowski, Konrad Jr"]
[Black "Kolodziejski, Grzegorz"]
[Result "1-0"]
[ECO "B34"]
[WhiteElo "1405"]
[BlackElo "1550"]
[Annotator "NA RC"]
[PlyCount "123"]
[EventDate "2020.08.15"]
[EventType "swiss"]
[EventCountry "POL"]
[SourceTitle "playchess.com"]
[Source "ChessBase"]
[SourceQuality "1"]
[TimeControl "40/5400+30:1800+30"]

1. e4 c5 2. Nf3 Nc6 3. d4 cxd4 4. Nxd4 Nf6 5. Nc3 e5 6. Ndb5 d6 7. Nd5 Nxd5 8. exd5 Nb8 9. c4 Be7 10. Be3 a6 11. Nc3 O-O 12. f3 f5 13. Bd3 Bg5 14. Bf2 Nd7 15. O-O Qf6 16. Na4 Qh6 17. Qc2 Qf6 18. b4 Bh6 19. c5 b5 20. Nc3 Qf7 21. c6 Nf6 22. Bxf5 Bxf5 23. Qxf5 Bd2 24. Ne4 Qxd5 25. Nxd2 Qxd2 26. Rfd1 Qxb4 27. Qe6+ Kh8 28. Qxd6 Qxd6 29. Rxd6 e4 30. c7 exf3 31. gxf3 Ne8 32. Rc6 Rc8 33. Re1 Kg8 34. Bc5 Rxc7 35. Rxe8 Rxe8 36. Rxc7 Re2 37. a3 a5 38. Ra7 b4 39. axb4 axb4 40. Bxb4 Rc2 41. Rd7 h6 42. Bd2 Kh7 43. Kg2 Kg6 44. Kg3 Kh5 45. Bb4 g6 46. Rd8 g5 47. Bf8 Rc6 48. Rd6 Rxd6 49. Bxd6 Kg6 50. Kg4 h5+ 51. Kg3 Kf5 52. Be7 h4+ 53. Kf2 Kf4 54. Bd6+ Kf5 55. h3 Ke6 56. Bb8 Kf6 57. Ke3 Kf5 58. Bc7 Kf6 59. Ke4 Kg6 60. Ke5 Kh6 61. Kf5 Kh5 62. Bd8 1-0

[Event "56th Rubinstein Memorial D 2020"]
[Site "Polanica Zdroj"]
[Date "2020.08.19"]
[Round "5.20"]
[White "Perek, Oskar"]
[Black "Zyla, Tomasz"]
[Result "0-1"]
[ECO "B20"]
[WhiteElo "1447"]
[BlackElo "1543"]
[Annotator "NA RC"]
[PlyCount "80"]
[EventDate "2020.08.15"]
[EventType "swiss"]
[EventCountry "POL"]
[SourceTitle "playchess.com"]
[Source "ChessBase"]
[SourceQuality "1"]
[TimeControl "40/5400+30:1800+30"]

1. e4 c5 2. b4 cxb4 3. d4 d6 4. a3 bxa3 5. c3 g6 6. Nxa3 Bg7 7. Nf3 Nf6 8. Bd3 Nc6 9. Bd2 O-O 10. h3 e5 11. d5 Ne7 12. Qc2 Nd7 13. g4 Nc5 14. Bg5 f6 15. Bh4 a6 16. Rg1 Bd7 17. Qd1 Qa5 18. Ke2 Qxc3 19. Nc4 Bb5 20. Rc1 Qxd3+ 21. Qxd3 Nxd3 22. Kxd3 Rac8 23. Nfd2 Bh6 24. g5 fxg5 25. Rxg5 Rf7 26. f3 Bxg5 27. Bxg5 Kg7 28. Ke3 Bxc4 29. Rxc4 Rxc4 30. Nxc4 Nc8 31. Na5 h6 32. Bh4 g5 33. Be1 Kf8 34. Bb4 Ke8 35. Nc4 Kd7 36. Bxd6 Nxd6 37. Nxe5+ Ke7 38. Nxf7 Nxf7 39. Kd4 Kd6 40. h4 b5 0-1